Map: Kairos Junction LE

Players

Stropheum - Winner!

  • Race: Zerg Zerg
  • League: Master
  • Spawn Location: 5:00

lllllllllll

  • Race: Protoss Protoss
  • League: Master
  • Spawn Location: 11:00

VOD

Have the link to the VOD?

Description

Time

  • Played on: April 3, 2019, 9:46 a.m.
  • Length: 20:44
Show
View Real Time Build Order
Export as new Build Order

Stropheum Zerg - Winner!

Build Orders: Hatch First 

Get SALT Encoding   

  12  0:00  Drone  
  13  0:12  Overlord  
  13  0:17  Drone  
  14  0:30  Drone  
  15  0:45  Hatchery  
  15  0:48  Drone  
  15  0:52  Drone  
  15  0:56  Drone  
  17  0:59  Drone  
  18  1:09  Extractor  
  17  1:20  Spawning Pool  
  17  1:21  Drone  
  17  1:23  Drone  
  19  2:11  Zergling x10  
  22  2:16  Spine Crawler  
  22  2:18  Zergling x2, Spine Crawler  
  22  2:22  Zergling x2  
  22  2:29  Zergling x2  
  23  2:33  Zergling x2  
  24  2:40  Zergling x2  
  25  2:49  Zergling x2  
  20  3:12  Drone x4  
  24  3:14  Drone  
  25  3:22  Drone  
  25  3:24  Drone  
  27  3:31  Drone  
  28  3:36  Overlord  
  28  3:53  Hatchery  
  27  3:56  Drone  
  27  4:00  Drone x2  
  30  4:03  Drone  
  30  4:07  Overlord  
  31  4:13  Spore Crawler  
  31  4:14  Drone  
  31  4:15  Drone  
  32  4:18  Drone  
  32  4:22  Drone  
  34  4:28  Drone  
  36  4:31  Drone  
  36  4:34  Spore Crawler x2  
  34  4:39  Spine Crawler, Drone  
  34  4:49  Queen x2  
  38  4:53  Zergling x4  
  38  4:54  Zergling x2  
  41  5:03  Overlord  
  41  5:04  Overlord  
  41  5:15  Overlord x2  
  41  5:20  Drone  
  42  5:21  Queen  
  42  5:22  Drone x2  
  46  5:29  Queen  
  46  5:30  Queen  
  50  5:43  Drone x3  
  50  5:44  Drone  
  50  5:46  Extractor  
  50  5:48  Drone x4  
  57  6:00  Queen  
  59  6:04  Queen  
  59  6:05  Overlord, Queen  
  63  6:19  Overlord x3  
  63  6:37  Queen  
  65  6:41  Queen  
  67  6:55  Drone x11  
  67  6:56  Drone x5  
  81  7:15  Hatchery  
  80  7:27  Hatchery  
  80  7:28  Extractor  
  80  7:29  Extractor, Lair  
  76  7:45  Extractor  
  76  7:46  Metabolic Boost  
  76  7:48  Drone x3  
  76  7:49  Overlord x3  
  78  8:01  Overlord x2  
  78  8:23  Drone x7  
  85  8:40  Spire  
  84  8:42  Spire  
  84  8:43  Drone  
  84  8:44  Drone x6  
  84  8:45  Extractor  
  84  8:47  Extractor  
  84  8:48  Overseer  
  88  8:52  Overseer  
  88  8:53  Pneumatized Carapace  
  88  9:01  Drone x3  
  88  9:02  Drone x4  
  95  9:03  Zergling x8  
  95  9:09  Zergling x10  
  104  9:21  Overlord x4  
  104  9:25  Extractor  
  104  9:27  Extractor  
  101  9:43  Drone  
  101  9:44  Drone  
  103  9:52  Zerg Flyer Weapons Level 1  
  103  9:54  Zerg Flyer Armor Level 1, Overseer  
  103  9:58  Mutalisk  
  103  9:59  Mutalisk x5  
  115  10:11  Mutalisk x3  
  115  10:13  Overlord x2  
  121  10:14  Drone  
  121  10:15  Drone x6  
  128  10:24  Mutalisk, Drone  
  128  10:25  Mutalisk  
  128  10:28  Hatchery  
  132  10:33  Hatchery  
  131  10:40  Mutalisk x4  
  139  10:56  Mutalisk x3  
  145  11:05  Overseer x2  
  137  11:18  Mutalisk x3  
  137  11:19  Mutalisk  
  145  11:31  Mutalisk x2  
  141  11:34  Zergling x36  
  141  11:35  Zergling x6  
  158  11:47  Zergling x2  
  158  11:48  Zergling x6  
  158  11:49  Zerg Flyer Armor Level 2, Zerg Flyer Weapons Level 2  
  162  11:57  Hatchery  
  157  12:09  Mutalisk x4  
  157  12:11  Hatchery  
  162  12:22  Mutalisk x3  
  162  12:24  Drone x4  
  162  12:25  Drone x10  
  182  12:36  Extractor  
  181  12:37  Hatchery  
  181  12:39  Overlord x2  
  181  12:40  Overlord x2, Extractor  
  179  12:44  Mutalisk  
  179  12:45  Mutalisk x4  
  187  12:56  Infestation Pit  
  186  13:01  Mutalisk x2  
  190  13:11  Mutalisk x2  
  188  13:27  Mutalisk  
  188  13:28  Mutalisk x3  
  194  13:42  Zergling x14  
  194  13:43  Zergling x2  
  198  14:13  Mutalisk  
  198  14:25  Hive  
  198  14:33  Spore Crawler  
  198  14:34  Spine Crawler  
  198  14:36  Spine Crawler  
  198  14:38  Mutalisk x2  
  195  14:40  Zergling x2  
  200  14:46  Hatchery  
  193  14:54  Mutalisk x3  
  189  15:11  Zergling x2  
  189  15:12  Zergling x26  
  199  15:17  Evolution Chamber  
  199  15:21  Evolution Chamber, Baneling Nest  
  194  15:54  Zergling x16  
  198  16:00  Mutalisk x2  
  196  16:12  Mutalisk  
  196  16:14  Drone  
  199  16:25  Zerg Ground Armor Level 1, Zerg Melee Weapons Level 1, Centrifical Hooks  
  199  16:27  Adrenal Glands  
  199  16:28  Zerg Flyer Weapons Level 3, Zerg Flyer Armor Level 3  
  199  16:35  Spore Crawler, Spine Crawler  
  199  16:36  Mutalisk, Spine Crawler  
  199  16:38  Zergling x2  
  189  16:54  Corruptor x6  
  199  17:21  Hydralisk Den, Spore Crawler, Spine Crawler  
  199  17:22  Spine Crawler  
  195  17:23  Overseer x2  
  195  17:34  Drone x6  
  189  17:43  Spine Crawler  
  165  17:51  Overseer x3  
  146  17:56  Mutalisk  
  146  17:57  Mutalisk x11  
  154  18:10  Zergling x30  
  154  18:11  Zergling x24  
  177  18:18  Extractor  
  177  18:19  Extractor  
  173  18:25  Corruptor x2  
  173  18:26  Corruptor x5  
  183  18:33  Mutalisk x8  
  194  18:42  Grooved Spines  
  164  18:59  Zergling x44  
  164  19:00  Zergling x32  
  164  19:01  Zergling x4  
  194  19:12  Hydralisk x3  
  196  19:30  Hatchery  
  196  19:31  Spine Crawler  
  194  19:33  Spore Crawler, Spine Crawler  
  194  19:34  Spine Crawler  
  185  19:39  Hydralisk x8  
  197  19:47  Hydralisk  
  197  19:50  Zergling x2  
  200  20:23  Spine Crawler x2  
  194  20:29  Extractor  
  194  20:30  Extractor  
Show
View Real Time Build Order
Export as new Build Order

lllllllllll Protoss 

Build Orders:  

Get SALT Encoding   

  12  0:00  Probe  
  13  0:13  Probe  
  14  0:22  Pylon  
  14  0:25  Probe  
  15  0:38  Probe  
  15  0:41  Forge  
  16  0:46  Probe  
  16  0:50  Assimilator  
  16  0:54  Probe  
  17  1:02  Probe  
  18  1:10  Probe  
  19  1:17  Pylon  
  20  1:21  Probe  
  20  1:25  Pylon  
  21  1:33  Pylon  
  21  1:34  Pylon  
  21  1:38  Photon Cannon  
  21  1:55  Photon Cannon  
  21  1:56  Probe  
  22  2:02  Photon Cannon  
  22  2:04  Pylon  
  22  2:19  Probe  
  22  2:21  Photon Cannon  
  23  2:22  Assimilator  
  23  2:24  Gateway  
  23  2:40  Photon Cannon  
  23  3:02  Nexus  
  22  3:12  Cybernetics Core  
  22  3:14  Probe  
  23  3:26  Photon Cannon  
  23  3:27  Probe  
  24  3:42  Pylon  
  24  3:51  Warp Gate  
  24  3:52  Robotics Facility  
  24  3:56  Probe  
  24  4:00  Sentry  
  27  4:04  Probe  
  27  4:09  Protoss Ground Weapons Level 1  
  28  4:11  Shield Battery  
  28  4:14  Probe  
  28  4:15  Probe  
  30  4:26  Sentry  
  30  4:30  Probe x2, Immortal  
  34  4:40  Pylon  
  38  4:51  Probe x2  
  40  5:01  Immortal  
  40  5:03  Robotics Bay  
  40  5:05  Gateway  
  44  5:14  Probe  
  44  5:16  Probe  
  46  5:26  Probe  
  46  5:28  Probe  
  48  5:31  Warp Prism  
  48  5:38  Probe  
  48  5:40  Probe  
  52  5:44  Pylon  
  52  5:46  Gravitic Drive  
  52  5:50  Probe  
  52  5:52  Probe, Stargate  
  52  5:54  Pylon  
  54  5:59  Assimilator  
  54  6:05  Probe x2  
  54  6:07  Observer  
  58  6:18  Probe x2  
  58  6:23  Twilight Council  
  58  6:24  Colossus  
  58  6:25  Assimilator, Gateway  
  65  6:56  Probe  
  65  6:57  Probe  
  67  7:10  Probe x2  
  69  7:25  Nexus  
  69  7:26  Pylon  
  69  7:28  Robotics Facility  
  69  7:31  Pylon  
  69  7:37  Probe  
  69  7:39  Charge  
  69  7:44  Probe, Colossus, Pylon  
  70  7:46  Gateway  
  70  7:48  Gateway  
  70  7:49  Photon Cannon, Gateway  
  77  7:51  Photon Cannon  
  77  7:52  Protoss Ground Weapons Level 2  
  77  8:01  Probe x2  
  77  8:05  Assimilator  
  79  8:08  Shield Battery  
  79  8:15  Phoenix  
  81  8:20  Immortal  
  81  8:26  Probe  
  86  8:29  Photon Cannon  
  86  8:31  Pylon  
  86  8:35  Probe, Pylon  
  86  8:38  Probe  
  88  8:51  Probe x2  
  88  8:53  Photon Cannon  
  90  8:57  Probe, Gateway  
  90  8:59  Colossus  
  91  9:03  Probe x2  
  91  9:05  Pylon  
  99  9:19  Extended Thermal Lance  
  99  9:24  Dark Shrine  
  99  9:26  Phoenix  
  101  9:33  Probe x2  
  101  9:36  Assimilator  
  103  9:45  Probe x3  
  106  9:53  Zealot  
  106  9:56  Zealot x5  
  118  10:02  Pylon  
  118  10:03  Colossus  
  118  10:04  Probe  
  118  10:05  Probe x2  
  121  10:12  Templar Archives  
  121  10:13  Protoss Ground Weapons Level 3  
  127  10:15  Observer  
  127  10:16  Probe  
  127  10:17  Probe  
  130  10:26  Zealot x4  
  138  10:32  Blink  
  138  10:37  Observer  
  138  10:42  Dark Templar  
  141  10:43  Dark Templar  
  141  10:47  Phoenix  
  141  10:55  Zealot x3  
  141  11:04  Fleet Beacon  
  131  11:07  Phoenix  
  131  11:12  Stalker x2  
  131  11:15  Warp Prism  
  137  11:23  Stalker x2  
  133  11:45  Phoenix  
  127  11:48  Stargate  
  127  11:51  Stalker x3  
  133  11:55  Anion Pulse-Crystals  
  127  12:15  Pylon  
  127  12:17  Pylon  
  127  12:19  Protoss Air Armor Level 1  
  127  12:23  Templar Archives  
  127  12:29  Pylon  
  127  12:32  Pylon  
  127  12:33  Phoenix  
  129  12:39  Nexus  
  129  12:40  Zealot  
  129  12:41  Dark Templar x2, Pylon  
  129  12:43  Pylon  
  127  12:55  Gateway  
  127  12:56  Gateway  
  127  12:58  Gateway  
  127  12:59  Zealot  
  127  13:07  Phoenix x2  
  131  13:29  Phoenix x2  
  131  13:45  Photon Cannon  
  131  13:47  Photon Cannon  
  129  13:50  Protoss Shields Level 1  
  111  14:09  Stalker x2  
  99  14:13  Pylon  
  99  14:15  Phoenix x2, Pylon  
  100  14:17  Pylon  
  100  14:26  Cybernetics Core  
  100  14:28  Photon Cannon  
  100  14:30  Photon Cannon  
  100  14:31  Probe x2  
  100  14:34  Photon Cannon  
  100  14:35  Phoenix x2  
  100  14:36  Photon Cannon  
  102  14:44  High Templar x4  
  102  14:45  High Templar x3  
  116  14:50  Archon x2  
  118  14:59  Archon  
  101  15:11  Probe x2  
  101  15:13  Pylon  
  97  15:17  Zealot, Pylon x2  
  97  15:18  Zealot x2  
  103  15:25  Dark Shrine  
  97  15:29  Phoenix x2  
  97  15:30  Assimilator  
  97  15:32  Assimilator  
  97  15:35  Zealot x2  
  102  15:42  Pylon  
  104  15:46  Probe  
  104  15:47  Probe x2  
  107  15:54  Phoenix x2  
  107  16:03  Pylon  
  101  16:13  Stalker  
  101  16:14  Stalker  
  103  16:19  Phoenix x2  
  103  16:21  Pylon  
  93  16:31  Protoss Ground Armor Level 1  
  93  16:35  Nexus  
  93  16:36  Pylon  
  93  16:37  Photon Cannon  
  93  16:38  Dark Templar x3, Shield Battery  
  99  16:40  Phoenix, Pylon  
  99  16:41  Phoenix  
  101  16:58  Archon  
  101  17:00  Probe  
  101  17:07  Protoss Air Weapons Level 1  
  101  17:08  Probe  
  102  17:11  Dark Templar x2  
  107  17:16  Photon Cannon  
  107  17:18  Photon Cannon, Probe  
  107  17:20  Photon Cannon  
  107  17:22  Gateway  
  108  17:23  Gateway  
  108  17:25  Gateway  
  108  17:27  Phoenix x2  
  112  17:30  Probe  
  112  17:31  Gateway  
  113  17:44  Zealot x2  
  81  18:09  Zealot x2  
  74  18:19  Dark Templar x2  
  78  18:20  Zealot  
  78  18:27  Phoenix x2  
  80  18:52  Phoenix x2  
  77  18:56  Zealot x3  
  77  18:57  Zealot x2, Observer  
  77  18:58  Zealot  
  77  19:01  Probe  
  85  19:09  Probe  
  87  19:12  Photon Cannon  
  87  19:15  Photon Cannon, Probe x3  
  91  19:17  Phoenix  
  91  19:19  Probe, Pylon, Shield Battery  
  91  19:20  Photon Cannon  
  91  19:46  High Templar x6  
  91  19:52  Twilight Council  
  94  20:01  Probe  
  94  20:06  Gateway  
  95  20:09  Probe, Photon Cannon  
  95  20:10  Photon Cannon  
  86  20:16  Photon Cannon, Gateway  
  86  20:21  Pylon  
  84  20:22  Observer  
  84  20:25  Gateway  
  79  20:30  Archon  
  79  20:31  Archon  
  79  20:34  Stalker x5  
  75  20:36  High Templar  
Tags
 
Add a new tag
Caveats
  • Supply blocks, unpowered buildings, or Contaminate may cause inaccurate times.
  • Supply counts are checked every 10 seconds.